 Dungeon Crawl Stone Soup version 0.31.0-9-g3a7656b989 (webtiles) character file.

Game seed: 16312053915178175707

726 qw the Ducker (level 7, 0/35 HPs)
             Began as a Spriggan Hunter on Feb 2, 2024.
             Slain by a scorpion (4 damage)
             ... on level 5 of the Dungeon.
             The game lasted 00:00:14 (3169 turns).

qw the Ducker (Spriggan Hunter)                     Turns: 3169, Time: 00:00:14

Health: 0/35       AC:  2    Str:  7    XL:     7   Next: 44%
Magic:  8/8        EV: 26    Int: 10    God:
Gold:   52         SH:  0    Dex: 21    Spells: 6/6 levels left

rFire   . . .        a - +1 shortbow
rCold   + . .        (shield currently unavailable)
rNeg    . . .        c - +0 robe
rPois   .            (helmet restricted)
rElec   .            (no cloak)
rCorr   .            (gloves unavailable)
SInv    +            (boots unavailable)
Will    +....        (no amulet)
Stlth   ++           f - +3 ring of evasion
HPRegen 0.25/turn    b - ring of protection from cold
MPRegen 0.11/turn

%: no passive effects
@: attractive, very quick
A: very small, no large weapons, unfitting armour, see invisible, speed 3,
MP-powered wands
a: no special abilities


You were on level 5 of the Dungeon.
You visited 1 branch of the dungeon, and saw 5 of its levels.

You collected 182 gold pieces.
You spent 130 gold pieces at shops.


Innate Abilities, Weirdness & Mutations

You are very small and have problems with some larger weapons.
You are too small for most types of armour.
You have supernaturally acute eyesight. (SInv)
You cover ground extremely quickly. (Speed+++)
You expend magic power (3 MP) to strengthen your wands.


   Skills:
 - Level 2.0 Fighting
 + Level 7.2 Ranged Weapons
 - Level 7.7 Dodging
 - Level 1.5 Stealth


You had 6 spell levels left.
You didn't know any spells.
Your spell library was empty.

Inventory:

Hand Weapons
 a - a +1 shortbow (weapon)
Armour
 c - a +0 robe (worn)
Jewellery
 b - a ring of protection from cold (right hand)
 e - a +2 ring of strength
 f - a +3 ring of evasion (left hand)
 Y - a ring of protection from fire
Potions
 g - a potion of might

Dungeon Overview and Level Annotations

Branches:
Dungeon (5/15)
 Temple: D:4-7

Altars:
Elyvilon

Shops:
D:4 =

Annotations:
D:3 1 runed translucent door, Crazy Yiuf
D:5 1 runed translucent door, Ijyb; qw's ghost, amateur DgHu


Message History

3155 ||| DRINKING viscous green potion.
It was a potion of attraction.
You feel attractive to monsters.
You feel sick. Ijyb hits you with a +0 dagger.
The scorpion completely misses you.
You feel sick. Ijyb hits you with a +0 dagger.
The scorpion completely misses you.
You feel sick. The scorpion closely misses you. Ijyb closely misses you.
You feel sick. The scorpion barely misses you. Ijyb closely misses you.
You feel sick. The scorpion misses you.
Ijyb zaps a wand.
Your will is overpowered!
You are more confused.
The scorpion barely misses you.
You feel sick. Ijyb completely misses you. The scorpion completely misses you.
You feel sick. Ijyb screams, "I dance on your bones!"
Ijyb completely misses you.
The scorpion stings you but does no damage.
You feel sick. The scorpion closely misses you.
Ijyb screams, "Get away!"
Ijyb zaps a wand.
You resist with almost no effort.
You feel sick.
You are no longer poisoned.
The scorpion closely misses you. Ijyb closely misses you.
The scorpion misses you. Ijyb hits you with a +0 dagger.
The scorpion completely misses you. Ijyb closely misses you.
The scorpion stings you.
You feel less confused.
Ijyb zaps a wand.
You resist with almost no effort. The scorpion completely misses you.
You shoot an arrow. The arrow hits the scorpion.
The scorpion is severely wounded.
The scorpion completely misses you.
Ijyb zaps a wand.
You resist with almost no effort.
You shoot an arrow.
The arrow hits the scorpion but does no damage.
The scorpion is severely wounded.
The scorpion stings you. Ijyb closely misses you.
You shoot an arrow. The arrow closely misses the scorpion.
The scorpion completely misses you. Ijyb closely misses you.
The scorpion stings you.
You die...

## .. ####.##
......g######
#..s@....#
###.####.# #.
#.# #. #.# #.
#.# #$ #.# #)
##.# #. #..#
#.##


You could see Ijyb and a scorpion.

Vanquished Creatures
  Prince Ribbit (D:5)
  An ogre (D:5)
  A scorpion (D:5)
  A bombardier beetle (D:5)
  3 hounds
  4 iguanas
  3 gnolls (D:5)
  3 adders
  A shadow imp (D:5)
  A dart slug (D:1)
  7 orcs
  4 endoplasms
  5 giant cockroaches
  9 goblins
  6 hobgoblins
  3 jackals (D:2)
  9 quokkas
  3 ball pythons
  3 bats
  5 frilled lizards
  6 kobolds
  9 rats
88 creatures vanquished.

Notes
Turn   | Place    | Note
-------+----------+-------------------------------------------
     0 | D:1      | qw the Spriggan Hunter began the quest for the Orb.
     0 | D:1      | Reached XP level 1. HP: 10/10 MP: 2/2
     0 | D:1      | 0 ||| qw: Version: 0.3-a-155-g5e7d8dd
     0 | D:1      | 0 ||| qw: Game counter: 2010
     0 | D:1      | 0 ||| qw: Melee chars always use a shield: true
     0 | D:1      | 0 ||| qw: God list: Okawaru
     0 | D:1      | 0 ||| qw: Allow faded altars: false
     0 | D:1      | 0 ||| qw: Do Orc after clearing Dungeon:15 true
     0 | D:1      | 0 ||| qw: Do second Lair branch before Depths: true
     0 | D:1      | 0 ||| qw: Lair rune preference: random
     0 | D:1      | 0 ||| qw: Goals: Normal
     0 | D:1      | 0 ||| PLANNING D:1-11
    50 | D:1      | Reached skill level 3 in Dodging
   170 | D:1      | Reached XP level 2. HP: 14/14 MP: 3/3
   461 | D:1      | 461 ||| DRINKING 2 brown potions.
   462 | D:1      | 462 ||| DROPPING scroll of butterflies.
   482 | D:2      | 482 ||| RETREEEEATING.
   483 | D:2      | 483 ||| RETREEEEATING.
   485 | D:2      | 485 ||| RETREEEEATING.
   553 | D:2      | Reached XP level 3. HP: 18/18 MP: 4/4
  1207 | D:2      | 1207 ||| UPGRADING to ring of protection from fire.
  1208 | D:2      | 1208 ||| READING scroll labelled POWKOC ZYADD.
  1212 | D:2      | 1212 ||| READING scroll labelled ENNIJA LEXIOZ FUT.
  1213 | D:2      | 1213 ||| READING scroll labelled OWAAKK MIENGA.
  1213 | D:2      | 1213 ||| ENCHANTING +0 shortbow.
  1214 | D:2      | 1214 ||| READING scroll labelled HUMYZO GOSOIMNUT.
  1315 | D:2      | 1315 ||| DRINKING 2 fizzy green potions.
  1316 | D:2      | 1316 ||| DRINKING bubbling ruby potion.
  1317 | D:2      | 1317 ||| DRINKING sedimented brown potion.
  1317 | D:2      | Gained mutation: You expend magic power (3 MP) to
                  | strengthen your wands. [potion of mutation]
  1318 | D:2      | 1318 ||| DRINKING red potion.
  1319 | D:2      | 1319 ||| DROPPING potion of ambrosia.
  1397 | D:3      | Identified the +3 whip of the Wolf {holy, rN++ rCorr}
  1504 | D:3      | Reached XP level 4. HP: 23/23 MP: 5/5
  1769 | D:3      | Found a runed translucent door.
  1770 | D:3      | Noticed Crazy Yiuf
  1811 | D:3      | 1811 ||| UPGRADING to ring of protection from cold.
  1812 | D:3      | 1812 ||| DRINKING 2 bubbling red potions.
  1813 | D:3      | 1813 ||| DROPPING potion of brilliance.
  2072 | D:4      | Reached XP level 5. HP: 22/26 MP: 6/6
  2266 | D:4      | Reached skill level 6 in Ranged Weapons
  2267 | D:4      | HP: 5/26 [orc/+0 flail (7)]
  2277 | D:4      | HP: 6/26 [orc/+0 dagger (2)]
  2430 | D:4      | Found Iziajas's One-of-a-Kind Rings.
  2439 | D:4      | 2439 ||| BUYING +2 ring of strength (30 gold).
  2439 | D:4      | Bought a +2 ring of strength for 30 gold pieces
  2439 | D:4      | 2439 ||| BUYING +3 ring of evasion (100 gold).
  2439 | D:4      | Bought a +3 ring of evasion for 100 gold pieces
  2439 | D:4      | 2439 ||| SHOPLISTING +3 ring of protection (210 gold, have
                  | 52).
  2439 | D:4      | 2439 ||| SHOPLISTING +5 ring of protection (550 gold, have
                  | 52).
  2439 | D:4      | 2439 ||| SHOPLISTING ring of Veppapt {Will+ MP+9 SInv} (465
                  | gold, have 52).
  2662 | D:4      | Found a white marble altar of Elyvilon.
  2762 | D:4      | 2762 ||| UPGRADING to +3 ring of evasion.
  2764 | D:4      | 2764 ||| READING scroll labelled ZOTUNE HIREOW.
  2764 | D:4      | 2764 ||| IDENTIFYING yellow potion
  2765 | D:4      | 2765 ||| READING scroll labelled MINTASTEKH.
  2766 | D:4      | 2766 ||| DROPPING potion of magic.
  2783 | D:5      | Entered Level 5 of the Dungeon
  2794 | D:5      | Reached XP level 6. HP: 30/30 MP: 7/7
  2908 | D:5      | Noticed Prince Ribbit
  2927 | D:5      | Killed Prince Ribbit
  2928 | D:5      | Reached XP level 7. HP: 27/35 MP: 8/8
  2988 | D:5      | Found a runed translucent door.
  2989 | D:5      | Noticed qw's ghost (amateur DgHu)
  3026 | D:5      | 3026 ||| RETREEEEATING.
  3027 | D:5      | 3027 ||| RETREEEEATING.
  3044 | D:5      | 3044 ||| FLEEEEING.
  3045 | D:5      | 3045 ||| FLEEEEING.
  3046 | D:5      | 3046 ||| FLEEEEING.
  3047 | D:5      | 3047 ||| FLEEEEING.
  3049 | D:5      | 3049 ||| FLEEEEING.
  3050 | D:5      | 3050 ||| FLEEEEING.
  3052 | D:5      | 3052 ||| FLEEEEING.
  3053 | D:5      | 3053 ||| FLEEEEING.
  3054 | D:5      | 3054 ||| FLEEEEING.
  3056 | D:5      | 3056 ||| STAIRDANCE
  3077 | D:4      | 3077 ||| READING scroll labelled COPE WOTZAHA.
  3078 | D:4      | 3078 ||| READING scroll labelled OLOFAVVEAPN.
  3146 | D:5      | Noticed Ijyb
  3155 | D:5      | 3155 ||| DRINKING viscous green potion.
  3164 | D:5      | HP: 8/35 [Ijyb/+0 dagger (4)]
  3169 | D:5      | Slain by a scorpion

Levels and vault maps discovered:
D:1:      lightli_arrival_windingriver, layout_basic
D:2:      layout_basic, minmay_indecisive_spiral
D:3:      layout_rooms, kennysheep_another_room, kennysheep_generic_room_12,
          uniq_crazy_yiuf_cottage
D:4:      layout_loops_ring, mainiacjoe_overflow_cross_hatched,
          kennysheep_diamond, nicolae_shop_unique_rings
D:5:      layout_loops_ring, ebering_ghost_sewer_d, serial_shops,
          nicolae_shop_tiny_glass, kennysheep_generic_room_6, uniq_menkaure,
          uniq_ijyb, uniq_prince_ribbit1

Skill      XL: |  1  2  3  4  5  6  7 |
---------------+----------------------+-----
Dodging        | 3 4 5 7 |  7.7
Ranged Weapons | 5 6 7 |  7.2
Fighting       | 2 |  2.0
Stealth        | |  1.5

Action                     |  1- 3 |  4- 6 |  7- 9 || total
---------------------------+-------+-------+-------++-------
   Fire: Shortbow          |    91 |   155 |    46 ||   292
    Use: Potion            |     5 |     1 |     1 ||     7
         Scroll            |     4 |     2 |     2 ||     8
 Armour: Robe              |     8 |    26 |    11 ||    45
  Dodge: Dodged            |    40 |    78 |    53 ||   171

Table legend:
 A = Non-vault XP
 B = Vault XP
 C = Vault XP percentage of total XP
 D = Non-vault monster count
 E = Vault monster count
 F = Vault count percentage of total count
                 A         B        C        D         E       F
            +---------+---------+-------+---------+---------+-------
      Total |     698 |     340 |  32.8 |      80 |       8 |   9.1
            +---------+---------+-------+---------+---------+-------
        D:1 |      28 |       0 |   0.0 |      16 |       0 |   0.0
        D:2 |      49 |       7 |  12.5 |      16 |       4 |  20.0
        D:3 |      43 |       2 |   4.4 |      20 |       1 |   4.8
        D:4 |     189 |      45 |  19.2 |      18 |       2 |  10.0
        D:5 |     389 |     286 |  42.4 |      10 |       1 |   9.1
            +---------+---------+-------+---------+---------+-------
